 Dungeon Sprint DCSS version 0.30-a0-629-gd54f4be4f7 (webtiles) character file.

Game seed: 7316750379795561447

161 BigDaddyOpFi the Trooper (level 5, -29/78 HPs)
             Began as a Minotaur Berserker on Jan 12, 2023.
             Was a Priest of Trog.
             Killed from afar by a deep elf pyromancer (42 damage)
             ... with a bolt of fire
             ... in the Dungeon (Sprint III: "The Ten Rune Challenge").
             The game lasted 00:01:51 (1105 turns).

BigDaddyOpFi the Trooper (Minotaur Berserker)       Turns: 1105, Time: 00:01:52

Health: -29/78     AC:  2    Str: 28    XL:     5   Next: 18%
Magic:  4/4        EV: 13    Int:  3    God:    Trog [***...]
Gold:   48         SH:  0    Dex:  8    Spells: 4/4 levels left

rFire   . . .      SeeInvis .    a - +0 hand axe
rCold   . . .      Faith    .    (no shield)
rNeg    . . .      Spirit   .    b - +0 animal skin
rPois   .          Reflect  .    (helmet restricted)
rElec   .          Harm     .    (no cloak)
rCorr   .          Rampage  .    (no gloves)
Will    .....      NoTele   +    (no boots) Stlth
                                 (no amulet)
HPRegen 0.33/turn                (no ring)
MPRegen 0.09/turn                (no ring)

@: berserking (expiring), very quick
A: horns 2, retaliatory headbutt, strong 1
a: Renounce Religion, Berserk, Trog's Hand


You were in the Dungeon.
You worshipped Trog.
Trog was most pleased with you.
You visited 1 branch You collected 48 gold pieces.

Inventory:

Hand Weapons
 a - a +0 hand axe (weapon)
Armour
 b - a +0 animal skin (worn)
Scrolls
 h - a scroll of blinking
 j - 2 scrolls of poison {unknown}
 k - 3 scrolls of identify
Potions
 c - a potion of curing
 d - a potion of heal wounds
 e - a potion of haste
 f - 2 potions of magic
 g - a potion of berserk rage
 i - a potion of invisibility {unknown}
 l - 3 potions of flight
 m - 3 potions of mutation


   Skills:
 + Level 7.3 Fighting
 + Level 7.2 Axes
 + Level 6.7 Armour
 + Level 6.1 Dodging


You had 4 spell levels left.
You didn't know any spells.
Your spell library was empty.

Dungeon Overview and Level Annotations

Branches:
Dungeon (1/1)

Altars:
Elyvilon
Kikubaaqudgha
Sif Muna
Vehumet
Zin
The Shining One


Innate Abilities, Weirdness & Mutations

You have a pair of horns on your head.
You reflexively headbutt those who attack you in melee.
Your muscles are strong. (Str +4, Int/Dex -1)


Message History

The deep elf pyromancer hits you with a +0 long sword of holy wrath.
A red film seems to cover your vision as you go berserk!
You feel yourself moving faster!
You feel mighty!
The deep elf pyromancer gestures wildly while chanting.
You closely miss the deep elf pyromancer.
You hit the fire elemental but do no damage.
The deep elf pyromancer misses you.
You barely miss the deep elf pyromancer.
You slash the fire elemental! The fire elemental closely misses you.
The deep elf pyromancer closely misses you.
You furiously retaliate!
You headbutt the deep elf pyromancer!
You barely miss the deep elf pyromancer.
The deep elf pyromancer is lightly wounded.
You slash the fire elemental! The fire elemental hits you.
The fire elemental burns you!
You barely miss the deep elf pyromancer.
Your headbutt misses the deep elf pyromancer.
The deep elf pyromancer is lightly wounded.
You barely miss the fire elemental.
The deep elf pyromancer hits you with a +0 long sword of holy wrath!
The fire elemental hits you. The fire elemental burns you!
You barely miss the deep elf pyromancer.
The deep elf pyromancer is lightly wounded.
You slash the fire elemental! The fire elemental hits you.
The fire elemental burns you!
* * * LOW HITPOINT WARNING * * *
You slash the deep elf pyromancer!
The deep elf pyromancer is heavily wounded.
You slash the fire elemental!
You destroy the fire elemental!
The fire elemental disappears in a puff of smoke!
The deep elf pyromancer hits you with a +0 long sword of holy wrath!
* * * LOW HITPOINT WARNING * * *
You slash the deep elf pyromancer!
Your headbutt misses the deep elf pyromancer.
The deep elf pyromancer is almost dead.
The deep elf pyromancer points at you and mumbles some strange words.
The bolt of fire hits you!!!
Ouch! That really hurt!
You die...

▓▓▓▓ ▓▓▓ ...####
##.#####
......#####..#___#
.......#..#..#!e.#
#.##...#..#..###@#+###+#
#.###..##'#..#..§.......
##.##).###...'.⌠........
..##..####...#)..######+
..##..###....#.⌠.#
.##...##†....#...#
##....#......#'###
##..##.#.....#):.# #..
####....#___#


You could see a deep elf pyromancer.

Vanquished Creatures
  A water elemental (D)
  A wizard (D)
  Jessica (D)
  A human (D)
  A kobold demonologist (D)
  A wolf (D)
  2 endoplasms (D)
  A rat (D)
9 creatures vanquished.

Notes
Turn   | Place    | Note
-------+----------+-------------------------------------------
     0 | D        | BigDaddyOpFi the Minotaur Berserker began the quest for the
                  | Orb.
     0 | D        | Reached XP level 1. HP: 19/19 MP: 0/0
    30 | D        | Reached ** piety under Trog
    41 | D        | Noticed Jessica
    50 | D        | Killed Jessica
    51 | D        | Reached skill level 5 in Fighting
    51 | D        | Reached skill level 5 in Axes
    51 | D        | Reached XP level 2. HP: 7/29 MP: 1/1
    51 | D        | Reached XP level 3. HP: 9/36 MP: 2/2
   717 | D        | Reached skill level 5 in Armour
   790 | D        | Gained mutation: You are clumsy. (Dex -2) [potion of
                  | mutation]
   790 | D        | Gained mutation: Potions are less effective at restoring
                  | your health. [potion of mutation]
   791 | D        | Lost mutation: Potions are less effective at restoring your
                  | health. [potion of mutation]
   791 | D        | Lost mutation: You are clumsy. (Dex -2) [potion of
                  | mutation]
   791 | D        | Gained mutation: Your muscles are strong. (Str +4, Int/Dex
                  | -1) [potion of mutation]
   798 | D        | Noticed a water elemental
   803 | D        | Killed a water elemental
   803 | D        | Reached *** piety under Trog
   804 | D        | Reached skill level 5 in Dodging
   804 | D        | Reached XP level 4. HP: 45/45 MP: 3/3
   856 | D        | Found a radiant altar of Vehumet.
   856 | D        | Found a shimmering blue altar of Sif Muna.
   856 | D        | Found an ancient bone altar of Kikubaaqudgha.
   856 | D        | Noticed a wizard
   860 | D        | Noticed an ice devil
   871 | D        | Killed a wizard
   872 | D        | Reached XP level 5. HP: 25/52 MP: 4/4
  1094 | D        | Found a glowing silver altar of Zin.
  1094 | D        | Found a glowing golden altar of the Shining One.
  1094 | D        | Found a white marble altar of Elyvilon.
  1095 | D        | Noticed a deep elf pyromancer
  1099 | D        | Noticed a fire elemental
  1105 | D        | Killed from afar by a deep elf pyromancer

Illustrated notes

Levels and vault maps discovered:
D:        dungeon_sprint_mu [sprint_mu_entry_cave, sprint_mu_temple_rooms,
          sprint_mu_d1_spiders, sprint_mu_d2_genie, sprint_mu_d3_branching,
          sprint_mu_orc_legion, sprint_mu_elf_gauntlet, sprint_mu_hive_nellie,
          sprint_mu_lair_fedhas, sprint_mu_vaults_butterflies,
          sprint_mu_slime_circle, sprint_mu_shoals_kraken,
          sprint_mu_snake_twists, sprint_mu_blade_basic,
          sprint_mu_crypt_fortress, sprint_mu_tomb_spiral,
          sprint_mu_vestibule_basic, sprint_mu_gehenna_hellfire,
          sprint_mu_dis_giant, sprint_mu_tartarus_statrot,
          sprint_mu_cocytus_islands, sprint_mu_zot1]

Skill      XL: |  1  2  3  4 |
---------------+-------------+-----
Fighting       | 5 6 7 |  7.3
Axes           | 5 6 7 |  7.2
Armour         | 4 6 |  6.7
Dodging        | 3 5 6 |  6.1

Action                   |  1- 3 |  4- 6 || total
-------------------------+-------+-------++-------
Melee: Hand axe          |    12 |    18 ||    30
       Headbutt          |     2 |       ||     2
Invok: Berserk           |     3 |     2 ||     5
  Use: Potion            |     2 |       ||     2
 Stab: Sleeping          |     2 |       ||     2
Armor: Animal skin       |     1 |     1 ||     2
Dodge: Dodged            |     8 |     7 ||    15

Table legend: (Time is in decaauts)
 A = Elapsed time spent in this place.
 B = Non-inter-level travel time spent in this place.
 C = Inter-level travel time spent in this place.
 D = Time resting spent in this place.
 E = Time spent auto-exploring this place.
 F = Levels seen in this place.
 G = Mean time per level.
                   A        B        C        D        E       F      G
               +--------+--------+--------+--------+--------+-----+--------+
         Total |   1142 |   1142 |      0 |   1003 |     32 |   1 | 1142.0 |
       Dungeon |   1142 |   1142 |      0 |   1003 |     32 |   1 | 1142.0 |
               +--------+--------+--------+--------+--------+-----+--------+

Top non-repeatable levels by time:
       D: 1142 daAuts
